| TOP OF THE 1ST |
|
California Angels batting - Pitching for New York Yankees : RHP Bryce Cleavinger
|
|
Pitching: RHP Bryce Cleavinger
|
|
|
Batting: RHB Alain Delhaye
|
0-0: Ball 1-0: Ball 2-0: Ball 3-0: Ground out 5-3 (Groundball, 56S, EV 70.0 MPH)
|
|
Batting: RHB Nick Dunn
|
0-0: Swinging Strike 0-1: SINGLE (Groundball, 3D, EV 99.4 MPH)
|
|
Batting: LHB Mark Reeg
|
0-0: Called Strike 0-1: Ball 1-1: 2-RUN HOME RUN (Flyball, 7LD, EV 95.0 MPH), Distance : 338 ft
|
|
Batting: RHB Preston Deakyne
|
0-0: Ground out 4-3 (Groundball, 34, EV 89.4 MPH)
|
|
Batting: LHB Jonathon Walton
|
0-0: Foul Ball, location: 2F 0-1: Called Strike 0-2: Ball 1-2: Foul Ball, location: 2F 1-2: Ball 2-2: Ground out U3 (Groundball, 3, EV 84.4 MPH)
|
| Top of the 1st over - 2 runs, 2 hits, 0 errors, 0 left on base; California 2 - New York 0 |
| BOTTOM OF THE 1ST |
|
New York Yankees batting - Pitching for California Angels : RHP Matt Decker
|
|
Pitching: RHP Matt Decker
|
|
|
Batting: RHB Russ Shambaugh
|
0-0: Called Strike 0-1: Foul Ball, location: 2F 0-2: Strikes out looking
|
|
Batting: RHB Jeckel Hester
|
0-0: Ball 1-0: Called Strike 1-1: Called Strike 1-2: Ball 2-2: Ball 3-2: Base on Balls
|
|
Batting: SHB Bartholomeu Chambino
|
0-0: Ball 1-0: Foul Ball, location: 2F 1-1: Ball 2-1: Foul Ball, location: 2F 2-2: Strikes out looking
|
|
Batting: SHB Gus Berry
|
0-0: Called Strike 0-1: Ball 1-1: Called Strike 1-2: Ball 2-2: Ball 3-2: DOUBLE (Line Drive, 89M, EV 101.9 MPH) Jeckel Hester to third Jeckel Hester scores
|
|
Batting: RHB Larry Martell
|
0-0: Swinging Strike 0-1: Foul Ball, location: 2F 0-2: Ball 1-2: Foul Ball, location: 2F 1-2: Strikes out swinging
|
| Bottom of the 1st over - 1 run, 1 hit, 0 errors, 1 left on base; California 2 - New York 1 |
| TOP OF THE 2ND |
|
California Angels batting - Pitching for New York Yankees : RHP Bryce Cleavinger
|
|
Batting: RHB Bjoern Waltersson
|
0-0: Called Strike 0-1: Ball 1-1: Ball 2-1: Ball 3-1: Foul Ball, location: 2F 3-2: Foul Ball, location: 2F 3-2: Foul Ball, location: 2F 3-2: Foul Ball, location: 2F 3-2: Ground out 6-3 (Groundball, 4M, EV 103.1 MPH)
|
|
Batting: LHB Justin Alexander
|
0-0: Called Strike 0-1: Ball 1-1: Foul Ball, location: 2F 1-2: Ball 2-2: Ball 3-2: Strikes out looking
|
|
Batting: RHB Avery Maxwell
|
0-0: Called Strike 0-1: Foul Ball, location: 2F 0-2: Ball 1-2: Strikes out looking
|
| Top of the 2nd over - 0 runs, 0 hits, 0 errors, 0 left on base; California 2 - New York 1 |
| BOTTOM OF THE 2ND |
|
New York Yankees batting - Pitching for California Angels : RHP Matt Decker
|
|
Batting: SHB Mukhtar Wa'il
|
0-0: Called Strike 0-1: Swinging Strike 0-2: Strikes out swinging
|
|
Batting: RHB Adriaan Pieters
|
0-0: Ball 1-0: Ball 2-0: Ground out 6-3 (Groundball, 6, EV 83.8 MPH)
|
|
Batting: RHB Ryan Neal
|
0-0: Ball 1-0: Ball 2-0: Swinging Strike 2-1: Foul Ball, location: 2F 2-2: Foul Ball, location: 2F 2-2: Foul Ball, location: 2F 2-2: Foul Ball, location: 2F 2-2: Ball 3-2: Ground out 6-3 (Groundball, P, EV 85.0 MPH)
|
| Bottom of the 2nd over - 0 runs, 0 hits, 0 errors, 0 left on base; California 2 - New York 1 |
| TOP OF THE 3RD |
|
California Angels batting - Pitching for New York Yankees : RHP Bryce Cleavinger
|
|
Batting: LHB Javier Trujillo
|
0-0: Fly out, F7 (Flyball, 7D, EV 108.1 MPH)
|
|
Batting: RHB Alain Delhaye
|
0-0: Ball 1-0: Swinging Strike 1-1: Fly out, F7 (Flyball, 7LM, EV 85.6 MPH)
|
|
Batting: RHB Nick Dunn
|
0-0: Foul Ball, location: 2F 0-1: Ball 1-1: Swinging Strike 1-2: Foul Ball, location: 2F 1-2: Strikes out swinging
|
| Top of the 3rd over - 0 runs, 0 hits, 0 errors, 0 left on base; California 2 - New York 1 |
| BOTTOM OF THE 3RD |
|
New York Yankees batting - Pitching for California Angels : RHP Matt Decker
|
|
Batting: LHB Dan Morris
|
0-0: Foul Ball, location: 2F 0-1: Ball 1-1: Ball 2-1: Called Strike 2-2: Foul Ball, location: 2F 2-2: Foul Ball, location: 2F 2-2: Ground out U3 (Groundball, 3, EV 88.1 MPH)
|
|
Batting: RHB Russ Shambaugh
|
0-0: Called Strike 0-1: Ball 1-1: Ball 2-1: Ground out 1-3 (Groundball, 15, EV 66.2 MPH)
|
|
Batting: RHB Jeckel Hester
|
0-0: Foul Ball, location: 2F 0-1: Ball 1-1: Ball 2-1: DOUBLE (Line Drive, 89M, EV 100.0 MPH)
|
|
Batting: SHB Bartholomeu Chambino
|
0-0: Called Strike 0-1: Fly out, F7 (Line Drive, 78M, EV 101.9 MPH)
|
| Bottom of the 3rd over - 0 runs, 1 hit, 0 errors, 1 left on base; California 2 - New York 1 |
| TOP OF THE 4TH |
|
California Angels batting - Pitching for New York Yankees : RHP Bryce Cleavinger
|
|
Batting: LHB Mark Reeg
|
0-0: Swinging Strike 0-1: Swinging Strike 0-2: Ball 1-2: Strikes out looking
|
|
Batting: RHB Preston Deakyne
|
0-0: Called Strike 0-1: Ball 1-1: Ball 2-1: Called Strike 2-2: Ball 3-2: Fly out, F9 (Flyball, 9D, EV 90.0 MPH)
|
|
Batting: LHB Jonathon Walton
|
0-0: Ball 1-0: Ball 2-0: Foul Ball, location: 2F 2-1: Swinging Strike 2-2: Ball 3-2: Base on Balls
|
|
Batting: RHB Bjoern Waltersson
|
0-0: Ball 1-0: Called Strike 1-1: Fly out, F7 (Flyball, 7LD, EV 101.2 MPH)
|
| Top of the 4th over - 0 runs, 0 hits, 0 errors, 1 left on base; California 2 - New York 1 |
| BOTTOM OF THE 4TH |
|
New York Yankees batting - Pitching for California Angels : RHP Matt Decker
|
|
Batting: SHB Gus Berry
|
0-0: Ball 1-0: Foul Ball, location: 2F 1-1: Ball 2-1: Ground out 4-3 (Groundball, 4, EV 91.2 MPH)
|
|
Batting: RHB Larry Martell
|
0-0: Foul Ball, location: 2F 0-1: Ball 1-1: Swinging Strike 1-2: Strikes out swinging
|
|
Batting: SHB Mukhtar Wa'il
|
0-0: Ball 1-0: Ball 2-0: Foul Ball, location: 2F 2-1: Called Strike 2-2: Foul Ball, location: 2F 2-2: Ball 3-2: Strikes out looking
|
| Bottom of the 4th over - 0 runs, 0 hits, 0 errors, 0 left on base; California 2 - New York 1 |
| TOP OF THE 5TH |
|
California Angels batting - Pitching for New York Yankees : RHP Bryce Cleavinger
|
|
Batting: LHB Justin Alexander
|
0-0: Called Strike 0-1: Ball 1-1: Called Strike 1-2: Ball 2-2: Foul Ball, location: 2F 2-2: Foul Ball, location: 2F 2-2: Ground out 2-3 (Groundball, 13S, EV 73.1 MPH)
|
|
Batting: RHB Avery Maxwell
|
0-0: Ball 1-0: Swinging Strike 1-1: Ball 2-1: Ball 3-1: Foul Ball, location: 2F 3-2: Base on Balls
|
|
Batting: LHB Javier Trujillo
|
0-0: Foul Ball, location: 2F 0-1: Ball 1-1: Ball 2-1: Called Strike 2-2: Strikes out looking
|
|
Batting: RHB Alain Delhaye
|
0-0: Ball 1-0: Called Strike 1-1: Ball 2-1: Ball 3-1: Base on Balls Avery Maxwell to second
|
|
Batting: RHB Nick Dunn
|
0-0: Ground out 5-3 (Groundball, 56S, EV 90.0 MPH)
|
| Top of the 5th over - 0 runs, 0 hits, 0 errors, 2 left on base; California 2 - New York 1 |
| BOTTOM OF THE 5TH |
|
New York Yankees batting - Pitching for California Angels : RHP Matt Decker
|
|
Batting: RHB Adriaan Pieters
|
0-0: Ball 1-0: Ball 2-0: Ball 3-0: Base on Balls
|
|
Batting: RHB Ryan Neal
|
0-0: Called Strike 0-1: Swinging Strike 0-2: Ball 1-2: Ball 2-2: Ground out 5-3 (Groundball, 56S, EV 63.8 MPH) Adriaan Pieters to second
|
|
Batting: LHB Dan Morris
|
0-0: Ball 1-0: Ground out U3 (Groundball, 34S, EV 85.0 MPH) Adriaan Pieters to third
|
|
Batting: RHB Russ Shambaugh
|
0-0: Swinging Strike 0-1: Ball 1-1: Ball 2-1: Foul Ball, location: 2F 2-2: Ball 3-2: Base on Balls
|
|
Batting: RHB Jeckel Hester
|
0-0: Ball 1-0: Called Strike 1-1: Foul Ball, location: 2F 1-2: Ball 2-2: Ball Russ Shambaugh is caught stealing 2nd base 2-4
|
| Bottom of the 5th over - 0 runs, 0 hits, 0 errors, 1 left on base; California 2 - New York 1 |
| TOP OF THE 6TH |
|
California Angels batting - Pitching for New York Yankees : RHP Bryce Cleavinger
|
|
Batting: LHB Mark Reeg
|
0-0: Called Strike 0-1: Called Strike 0-2: Ball 1-2: Ball 2-2: Hit by Pitch
|
|
Batting: RHB Preston Deakyne
|
0-0: Grounds into double play, 5-4-3 (Groundball, 15, EV 82.5 MPH)
|
|
Batting: LHB Jonathon Walton
|
0-0: Called Strike 0-1: Fly out, F9 (Flyball, 9D, EV 80.6 MPH)
|
| Top of the 6th over - 0 runs, 0 hits, 0 errors, 0 left on base; California 2 - New York 1 |
| BOTTOM OF THE 6TH |
|
New York Yankees batting - Pitching for California Angels : RHP Matt Decker
|
|
Pitching: RHP Kyle Ehret
|
|
|
Batting: RHB Jeckel Hester
|
0-0: Ground out 5-3 (Groundball, 56, EV 105.0 MPH)
|
|
Batting: SHB Bartholomeu Chambino
|
0-0: Ball 1-0: SINGLE (Groundball, 34S, EV 65.6 MPH) (infield hit)
|
|
Batting: SHB Gus Berry
|
0-0: Swinging Strike 0-1: Foul Ball, location: 2F 0-2: Ball 1-2: Ball 2-2: Ball 3-2: DOUBLE (Line Drive, 7LM, EV 107.5 MPH) Bartholomeu Chambino to third Runner from 3rd tries for Home, SAFE, no throw by LF
|
|
Batting: RHB Larry Martell
|
0-0: Swinging Strike 0-1: Swinging Strike 0-2: Strikes out swinging
|
|
Batting: SHB Mukhtar Wa'il
|
0-0: Ball 1-0: SINGLE (Groundball, 3D, EV 94.4 MPH) Gus Berry to third Runner from 3rd tries for Home, SAFE, throw by RF to home
|
|
Batting: RHB Adriaan Pieters
|
0-0: Ball 1-0: Ball 2-0: Called Strike 2-1: Foul Ball, location: 2F 2-2: Foul Ball, location: 2F 2-2: Foul Ball, location: 2F 2-2: Foul Ball, location: 2F 2-2: Foul Ball, location: 2F 2-2: Ball 3-2: Ground out 4-3 (Groundball, 34, EV 104.4 MPH)
|
| Bottom of the 6th over - 2 runs, 3 hits, 0 errors, 1 left on base; California 2 - New York 3 |
| TOP OF THE 7TH |
|
California Angels batting - Pitching for New York Yankees : RHP Bryce Cleavinger
|
|
Batting: RHB Bjoern Waltersson
|
0-0: Foul Ball, location: 2F 0-1: Swinging Strike 0-2: Fly out, F9 (Flyball, 9D, EV 87.5 MPH)
|
|
Batting: LHB Justin Alexander
|
0-0: SOLO HOME RUN (Flyball, 89XD, EV 100.6 MPH), Distance : 401 ft
|
|
Batting: RHB Avery Maxwell
|
0-0: Called Strike 0-1: Called Strike 0-2: Ground out 5-3 (Groundball, 56, EV 84.4 MPH)
|
|
Batting: LHB Javier Trujillo
|
0-0: Called Strike 0-1: Ball 1-1: Foul Ball, location: 2F 1-2: Fly out, F6 (Popup, 6M, EV 52.5 MPH)
|
| Top of the 7th over - 1 run, 1 hit, 0 errors, 0 left on base; California 3 - New York 3 |
| BOTTOM OF THE 7TH |
|
New York Yankees batting - Pitching for California Angels : RHP Kyle Ehret
|
|
Pitching: LHP George Poirier
|
|
|
Batting: RHB Ryan Neal
|
0-0: Ball 1-0: Ground out 6-3 (Groundball, 6, EV 81.9 MPH)
|
|
Batting: LHB Dan Morris
|
0-0: Called Strike 0-1: Foul Ball, location: 2F 0-2: Ball 1-2: Ground out 5-3 (Groundball, 56, EV 102.5 MPH)
|
|
Batting: RHB Russ Shambaugh
|
0-0: Ball 1-0: Called Strike 1-1: Ground out 6-3 (Groundball, 6, EV 101.2 MPH)
|
| Bottom of the 7th over - 0 runs, 0 hits, 0 errors, 0 left on base; California 3 - New York 3 |
| TOP OF THE 8TH |
|
California Angels batting - Pitching for New York Yankees : RHP Bryce Cleavinger
|
|
Pitching: LHP Julio Gonzalez
|
|
|
Batting: RHB Alain Delhaye
|
0-0: Ball 1-0: Swinging Strike 1-1: Fly out, F6 (Line Drive, 6, EV 70.6 MPH)
|
|
Batting: RHB Nick Dunn
|
0-0: Ball 1-0: Ball 2-0: Ball 3-0: Base on Balls
|
|
Batting: RHB Ryan Munro
|
0-0: SINGLE (Line Drive, 7S, EV 106.2 MPH) Nick Dunn to second
|
|
Batting: RHB Preston Deakyne
|
0-0: Called Strike 0-1: Grounds into double play, 5-4-3 (Groundball, 56, EV 88.1 MPH)
|
| Top of the 8th over - 0 runs, 1 hit, 0 errors, 1 left on base; California 3 - New York 3 |
| BOTTOM OF THE 8TH |
|
New York Yankees batting - Pitching for California Angels : LHP George Poirier
|
|
Batting: RHB Jeckel Hester
|
0-0: Called Strike 0-1: Ball 1-1: Fly out, F6 (Popup, 6S, EV 80.6 MPH)
|
|
Batting: SHB Bartholomeu Chambino
|
0-0: Ball 1-0: Called Strike 1-1: Ball 2-1: Foul Ball, location: 2F 2-2: SOLO HOME RUN (Line Drive, 78XD, EV 115.0 MPH), Distance : 458 ft
|
|
Batting: SHB Gus Berry
|
0-0: Ball 1-0: Ball 2-0: Called Strike 2-1: Ball 3-1: Base on Balls
|
|
Batting: RHB Larry Martell
|
0-0: Ball Gus Berry steals 2nd base 1-0: Called Strike 1-1: Foul Ball, location: 2F 1-2: Strikes out swinging
|
|
Pitching: LHP Keith Pratt
|
|
|
Batting: SHB Mukhtar Wa'il
|
0-0: Fly out, F8 (Flyball, 8RXD, EV 78.8 MPH)
|
| Bottom of the 8th over - 1 run, 1 hit, 0 errors, 1 left on base; California 3 - New York 4 |
| TOP OF THE 9TH |
|
California Angels batting - Pitching for New York Yankees : LHP Julio Gonzalez
|
|
Now at 1B: Victor Ruiz
|
|
|
Pinch Hitting: RHB Nelle Lommen
|
0-0: Ball 1-0: Foul Ball, location: 2F 1-1: Swinging Strike 1-2: Ball 2-2: Ball 3-2: Strikes out swinging
|
|
Batting: RHB Bjoern Waltersson
|
0-0: Ground out 6-3 (Groundball, 6, EV 93.8 MPH)
|
|
Batting: LHB Justin Alexander
|
0-0: Called Strike 0-1: Ball 1-1: Called Strike 1-2: Ball 2-2: Foul Ball, location: 2F 2-2: Foul Ball, location: 2F 2-2: Strikes out looking
|
| Top of the 9th over - 0 runs, 0 hits, 0 errors, 0 left on base; California 3 - New York 4 |
|